 Dungeon Crawl Stone Soup version 0.29.0-11-gd7f09526c8 (webtiles) character file.

Game seed: 11618328300227400159

23 blackman the Sneak (level 2, -2/24 HPs)
             Began as a Demonspawn Delver on Sept 6, 2022.
             Slain by a gnoll
             ... wielding a +0 halberd
              (9 damage)
             ... on level 4 of the Dungeon.
             The game lasted 00:01:02 (290 turns).

blackman the Sneak (Demonspawn Delver)               Turns: 290, Time: 00:01:03

Health: -2/24      AC:  3    Str: 12    XL:     2   Next: 75%
Magic:  2/2        EV: 11    Int: 11    God:
Gold:   15         SH:  0    Dex: 14    Spells: 1/1 levels left

rFire   . . .      SeeInvis .   h - +7 whip of the Secret Xalams {vorpal, rN+ rCorr}
rCold   . . .      Faith    .   (no shield)
rNeg    + . .      Spirit   .   b - +0 leather armour
rPois   .          Reflect  .   (helmet restricted)
rElec   .          Harm     .   (no cloak)
rCorr   +          Rampage  .   (no gloves)
Will    .....                   (no boots)
Stlth   ++........              (no amulet)
HPRegen 0.08/turn               (no ring)
MPRegen 0.08/turn               (no ring)

@: no status effects
A: antennae 1
a: no special abilities


You were on level 4 of the Dungeon.
You visited 1 branch of the dungeon, and saw 2 of its levels.

You collected 15 gold pieces.

Inventory:

Hand Weapons
 a - a +0 mace
 h - the +7 whip of the Secret Xalams (weapon) {vorpal, rN+ rCorr}
   (You found it on level 5 of the Dungeon)

   It inflicts extra damage upon your enemies.
   rN:        It protects you from negative energy.
   rCorr:     It protects you from acid and corrosion.
Armour
 b - a +0 leather armour (worn)
Wands
 d - a wand of flame (22)
 g - a wand of digging (3)
Scrolls
 c - a scroll of fog
 e - a scroll of fear
Potions
 f - a potion of haste


   Skills:
 - Level 3.0 Fighting
 + Level 3.0 Maces & Flails
 - Level 1.7 Dodging
 - Level 4.5 Stealth


You had one spell level left.
You didn't know any spells.
Your spell library was empty.

Dungeon Overview and Level Annotations

Branches:
Dungeon (5/15)
 Temple: D:4-7

Altars:


Innate Abilities, Weirdness & Mutations

You have a pair of small antennae on your head.


Message History

The gnoll is severely wounded.
The gnoll misses you.
You completely miss the gnoll.
The gnoll is severely wounded.
The gnoll hits you but does no damage.
You hit the gnoll.
You kill the gnoll!
Your Maces & Flails skill increases to level 3!
No target in view!
No target in view!
No target in view!
You hear the slow rusting of a drain nearby.
Key pressed, stopping explore.
You hear the rusting of a drain nearby.
Key pressed, stopping explore.
HP restored. 2 gnolls come into view.
Found a clear potion.
There are monsters nearby!
There are monsters nearby!
There are monsters nearby!
The gnoll shouts!
The gnoll hits you with a +0 whip.
You closely miss the gnoll.
The gnoll hits you from afar with a +0 halberd!
* * * LOW HITPOINT WARNING * * *
The gnoll closely misses you.
You are too injured to fight recklessly!
You are too injured to fight recklessly!
You are too injured to fight recklessly!
You are too injured to fight recklessly!
You are too injured to fight recklessly!
You are too injured to fight recklessly!
You are too injured to fight recklessly!
You are too injured to fight recklessly!
You are too injured to fight recklessly!
You whack the gnoll!
You kill the gnoll!
The gnoll hits you from afar with a +0 halberd!
You die...

*,* *,,***********
****,* **,* ,,,,,*
*,#* ,,,*********
*,.## ###**
,,,+,,,,,,,*
**..##########....
,,,*******,*
***##.#.....>....##.
,,,***** *,*
#,,,!............##.
,,,*,,,* *,*
#.###............##.
,,,*,,,***,*
#.)@.............##.
,,,*,,,,<*,*
#g...............##.
,,,*,,,,,*,*
#................##.
,,,**,,,,*,*
#.#####..........†..
*****,,,,*,*
#.#....####.#+###)#<
*,,,,,,*
#......####.#.##....
*,,,,***
###.......#.#.##..##
*,,,,*
#...).......##....
*****,,,,*
#.......##..##.###


You could see a gnoll.

Vanquished Creatures
  2 gnolls (D:4)
  An adder (D:4)
  2 goblins (D:4)
  A hobgoblin (D:4)
  A kobold (D:4)
7 creatures vanquished.

Notes
Turn   | Place    | Note
-------+----------+-------------------------------------------
     0 | D:5      | blackman the Demonspawn Delver began the quest for the Orb.
     0 | D:5      | Reached XP level 1. HP: 18/18 MP: 1/1
     4 | D:5      | Identified the +7 whip of the Secret Xalams {vorpal, rN+
                  | rCorr}
   131 | D:4      | Gained mutation: You have a pair of small antennae on your
                  | head. [demonic ancestry]
   131 | D:4      | Reached XP level 2. HP: 24/24 MP: 2/2
   290 | D:4      | Slain by a gnoll

Illustrated notes

Levels and vault maps discovered:
D:4:      layout_basic, gup_sewer_entry_spiral
D:5:      layout_basic, chequers_temple_overflow_statue_of_worship,
          corexii_leaking_fountain

Skill      XL: |  1  2 |
---------------+-------+-----
Maces & Flails | 2 3 |  3.0
Fighting       | |  3.0
Dodging        | |  1.7
Stealth        | |  4.5

Action                   || total
-------------------------++-------
Melee: Whip              ||    16
  Use: Scroll            ||     1
Armor: Leather armour    ||     3
Dodge: Dodged            ||     6
